 Dungeon Crawl Stone Soup version 0.22-a0-776-ge6d7efa (webtiles) character file.

4 Amnesiac the Digger (level 1, -1/13 HPs)
             Began as a Demonspawn Earth Elementalist on July 18, 2018.
             Slain by Blork the orc
             ... wielding a +0 mace
              (6 damage)
             ... on level 4 of the Dungeon.
             The game lasted 00:01:21 (386 turns).

Amnesiac the Digger (Demonspawn Earth Elementalist)  Turns: 386, Time: 00:01:22

Health: -1/13      AC:  2    Str:  8    XL:     1   Next: 50%
Magic:  0/3        EV: 12    Int: 16    God:
Gold:   49         SH:  0    Dex: 13    Spells: 3/4 levels left

rFire    . . .     SeeInvis .   (no weapon)
rCold    . . .     Gourm    .   (no shield)
rNeg     . . .     Faith    .   c - +0 robe
rPois    .         Spirit   .   (no helmet)
rElec    .         Reflect  .   (no cloak)
rCorr    .         Harm     .   (no gloves)
MR       .....                  (no boots)
Stlth    ++........             (no amulet)
HPRegen  0.04/turn              (no ring)
MPRegen  0.08/turn              (no ring)

@: no status effects
A: no striking features
a: no special abilities


You were on level 4 of the Dungeon.
You were not hungry.

You visited 1 branch of the dungeon, and saw 4 of its levels.

You collected 49 gold pieces.

Inventory:

Missiles
 b - 40 stones (quivered)
Armour
 c - a +0 robe (worn)
Scrolls
 a - a scroll of remove curse {!r}
 e - a scroll of identify {!r}
Comestibles
 d - 2 rations


   Skills:
 - Level 1.7 Dodging
 - Level 1.7 Stealth
 + Level 2.3 Spellcasting
   Level 0.8 Transmutations
 + Level 2.6 Earth Magic


You had 3 spell levels left.
You knew the following spells:

 Your Spells              Type           Power        Failure   Level  Hunger
a - Sandblast             Erth           ##....       7%          1    #......

Your spell library contained the following spells:

 Spells                   Type           Power        Failure   Level  Hunger
 Stone Arrow              Conj/Erth      #.....       34%         3    ###....
 Passwall                 Tmut/Erth      #.......     14%         2    ###....
 Lee's Rapid Deconstruct  Erth           ##........   88%         5    ######.
 Petrify                  Tmut/Erth      #.......     67%         4    #####..


Dungeon Overview and Level Annotations

Branches:
Dungeon (4/15)
 Temple: D:4-7

Altars:

Annotations:
D:4 Blork the orc


Message History

Blork the orc seems to speed up.
Found a fizzy inky potion.
You close the door.
Really read
e - 2 scrolls labeled HYLUAT HEODUG {!r}?
As you read the scroll labeled HYLUAT HEODUG {!r}, it crumbles to dust.
It is a scroll of identify.
a - a scroll of remove curse {!r} Blork the orc opens the door.
Casting: Sandblast (safe; 7% risk of failure)
Confirm with . or Enter, or press ? or * to list all spells.
Aiming: Sandblast (safe; 7% risk of failure)
Press: ? - help, Shift-Dir - straight line, f - Blork the orc
Aim: Blork the orc, wielding a mace and wearing a robe (fast)
The blast of sand hits Blork the orc.
Blork the orc is lightly wounded.
b - 43 stones Unknown command.
Casting: Sandblast (safe; 7% risk of failure)
Confirm with . or Enter, or press ? or * to list all spells.
Aiming: Sandblast (safe; 7% risk of failure)
Press: ? - help, Shift-Dir - straight line, f/p - Blork the orc
Aim: Blork the orc, wielding a mace and wearing a robe (lightly wounded, fast)
The blast of sand hits Blork the orc.
Blork the orc is moderately wounded.
b - 42 stones Blork the orc barely misses you.
Blork the orc misses you.
Unknown command.
Casting: Sandblast (safe; 7% risk of failure)
Confirm with . or Enter, or press ? or * to list all spells.
Aiming: Sandblast (safe; 7% risk of failure)
Press: ? - help, Shift-Dir - straight line, f/p - Blork the orc
Aim: Blork the orc, wielding a mace and wearing a robe (moderately wounded, fast)
The blast of sand hits Blork the orc.
Blork the orc is heavily wounded.
b - 41 stones Blork the orc barely misses you.
You aren't carrying any potions.
Blork the orc closely misses you. Blork the orc casts a spell at you.
The puff of frost misses you.
Blork the orc points at you and mumbles some strange words.
The puff of frost misses you.
Blork the orc gestures at you while chanting.
The puff of flame hits you!
Ouch! That really hurt!
* * * LOW HITPOINT WARNING * * *
Blork the orc sings a few bars from the Orcish anthem.
Blork the orc casts a cantrip, but nothing happens.
There is a stone staircase leading up here.
Blork the orc closely misses you. Blork the orc hits you with a mace.
* * * LOW HITPOINT WARNING * * *
Casting: Sandblast (safe; 7% risk of failure)
Confirm with . or Enter, or press ? or * to list all spells.
Aiming: Sandblast (safe; 7% risk of failure)
Press: ? - help, Shift-Dir - straight line, f/p - Blork the orc
Aim: Blork the orc, wielding a mace and wearing a robe (heavily wounded, fast)
The blast of sand hits Blork the orc.
Blork the orc is severely wounded.
b - 40 stones Blork the orc misses you.
Unknown command.
Blork the orc hits you with a mace.
You die...

#.......# ....... ##.##
#.##.##.# !.... ###. #
#..#.# ... #. #.###.#.###
#'# #. #.........# #.# #.
#.......#.# #.# #.
#.###.###.###
##.###########.
#.......###...##.......#.
#####..o@......#..###..#.
#.###.#...##.## ##.#.
.#######.# #...(....#
#.#.
.........###.######.##
##... ########.<...#
#..###..## #######
#.......# #########


You could see Blork the orc.

Vanquished Creatures
  A hobgoblin (D:3)
  A bat (D:3)
  2 frilled lizards
  A quokka skeleton (D:4)
5 creatures vanquished.

Notes
Turn   | Place    | Note
-------+----------+-------------------------------------------
     0 | D:1      | Amnesiac the Demonspawn Earth Elementalist began the quest for the Orb.
     0 | D:1      | Reached XP level 1. HP: 13/13 MP: 3/3
   364 | D:4      | Noticed Blork the orc
   386 | D:4      | Slain by Blork the orc

Vault maps used:
D:1:      ebering_trefoil_twist, doesnt_xom_only_xom
D:2:      nemelex_xobeh_ov_fountains_minmay
D:3:      first_ration, minmay_misc_feat_secret_circle, uniq_ijyb, uniq_natasha
D:4:      cheibrodos_old_hovel, yredelemnul_forgotten_temple_becter,
          serial_shops, shop, shop, nicolae_shop_overgrown_old_shop,
          uniq_blork_the_orc

Action                   || total
-------------------------++-------
Melee: Unarmed           ||    11
 Cast: Sandblast         ||     7
  Use: Scroll            ||     1
Armor: Robe              ||     1
Dodge: Dodged            ||    13

Table legend:
 A = Spawn XP
 B = Non-spawn XP
 C = Spawn XP percentage of total XP
 D = Spawn monster count
 E = Non-spawn monster count
 F = Spawn count percentage of total count
 G = Total turns spent on level
                    A         B        C        D         E        F      G
               +---------+---------+-------+---------+---------+-------+---------
         Total |       0 |       6 |   0.0 |       0 |       5 |   0.0 |   386
               +---------+---------+-------+---------+---------+-------+---------
           D:3 |       0 |       4 |   0.0 |       0 |       3 |   0.0 |    66
           D:4 |       0 |       2 |   0.0 |       0 |       2 |   0.0 |   262
               +---------+---------+-------+---------+---------+-------+---------
